 Dungeon Crawl Stone Soup version 0.21-a0-356-g45b0a09 (webtiles) character file.

1627 nikopol the Cleaver (level 8, -13/70 HPs)
             Began as a Hill Orc Fighter on Oct 11, 2017.
             Was an Initiate of Okawaru.
             Mangled by an orc warrior
             ... wielding a +0 halberd
              (21 damage)
             ... on level 6 of the Dungeon on Oct 12, 2017.
             The game lasted 00:16:12 (6210 turns).

nikopol the Cleaver (Hill Orc Fighter)              Turns: 6210, Time: 00:16:12

Health: -13/70     AC: 12    Str: 21    XL:     8   Next: 97%
Magic:  0/8        EV:  6    Int:  8    God:    Okawaru [......]
Gold:   353        SH: 10    Dex: 10    Spells: 7/7 levels left

rFire    . . .     SeeInvis .   a - +0 war axe
rCold    . . .     Gourm    .   c - +0 shield
rNeg     . . .     Faith    .   u - +0 chain mail
rPois    .         Spirit   +   (no helmet)
rElec    .         Reflect  .   t - +0 cloak
rCorr    .         Harm     .   l - +0 pair of gloves
MR       .....                  (no boots)
Stlth    ..........             b - amulet of guardian spirit
HPRegen  0.21/turn              (no ring)
MPRegen  0.11/turn              (no ring)

@: no status effects
A: no striking features
a: Renounce Religion


You were on level 6 of the Dungeon.
You worshipped Okawaru.
Okawaru was noncommittal.
You were not hungry.

You visited 2 branches of the dungeon, and saw 8 of its levels.

You collected 353 gold pieces.

Inventory:

Hand Weapons
 a - a +0 war axe (weapon)
 x - a +1 antimagic trident
Missiles
 y - 5 tomahawks (quivered)
 E - 7 javelins of penetration
Armour
 c - a +0 shield (worn)
 l - a +0 pair of gloves (worn)
 t - a +0 cloak (worn)
 u - a +0 chain mail (worn)
Jewellery
 b - an amulet of guardian spirit (around neck)
Wands
 d - a wand of disintegration (24/24)
Scrolls
 e - a scroll of holy word {unknown}
 i - 2 scrolls of recharging
 n - a scroll of identify
 o - a scroll of teleportation {unknown}
 q - 3 scrolls of remove curse
 s - a scroll of fear {unknown}
 v - a scroll of magic mapping {unknown}
 w - a scroll of fog {unknown}
 A - a scroll of enchant weapon {unknown}
 D - a scroll of amnesia {unknown}
Potions
 h - 2 potions of brilliance
 j - a potion of cancellation
 k - 8 potions of curing
 m - a potion of flight
 p - 3 potions of mutation
 r - a potion of agility
 B - 2 potions of might
 C - a potion of heal wounds {unknown}
 G - a potion of lignification {unknown}
Books
 z - a book of Necromancy

   Spells                             Type                      Level
   a - Pain                           Necromancy                   1
   b - Animate Skeleton               Necromancy                   1
   c - Vampiric Draining              Necromancy                   3
   d - Regeneration                   Charms/Necromancy            3
   e - Animate Dead                   Necromancy                   4
   f - Control Undead                 Necromancy                   4
Comestibles
 f - 4 bread rations
 g - 3 meat rations
 F - 3 chunks of flesh
 H - a royal jelly


   Skills:
 + Level 5.9 Fighting
 + Level 10.3 Axes
 + Level 6.0 Armour
 + Level 1.4 Dodging
 + Level 1.0 Stealth
 + Level 5.7 Shields


You had 7 spell levels left.
You didn't know any spells.

Dungeon Overview and Level Annotations

Branches:
Dungeon (7/15)             Temple (1/1) D:6

Altars:
Ashenzari
Cheibriados
Dithmenos
Elyvilon
Fedhas
Gozag
Hepliaklqana
Kikubaaqudgha
Makhleb
Nemelex Xobeh
Okawaru
Qazlal
Ru
Sif Muna
Trog
Uskayaw
Wu Jian
Xom
Yredelemnul
Zin
The Shining One


Message History

The orc warrior is almost dead.
The orc warrior hits you with a halberd.
You hit the orc warrior.
The orc warrior is almost dead.
The orc warrior hits you with a halberd!
* * * LOW HITPOINT WARNING * * *
You barely miss the orc warrior.
The orc warrior is almost dead.
The orc warrior hits you with a halberd!
* * * LOW HITPOINT WARNING * * *
You hit the orc warrior but do no damage.
The orc warrior is almost dead.
You hit the orc warrior.
The orc warrior is almost dead.
The orc warrior hits you with a halberd.
* * * LOW HITPOINT WARNING * * *
You closely miss the orc warrior.
The orc warrior is almost dead.
The orc warrior hits you with a halberd!!
You die...

.#.##.# ##.##
##.......##
.####.# #.#
##.....## .# #..#
#.# ##...## .#
#..# #.# ##'## .#
#..# #.#########.#
.###..#
#.........#.#
......#
#.#######.#.##
####.## #o[...#
#....##### #.#
#@###.###.....#...
####.# #.#
#.............
.....# #.#
#####.#.###...
###### #.# #.#.#
#### #.#######.#.#
#.........#.#
###########.# #.#
#.# ###


You could see an orc warrior.

Vanquished Creatures
  Grinder (D:3)
  Sigmund (D:3)
  An orc warrior (D:6)
  An ogre (D:3)
  2 centaurs
  2 bullfrogs (D:6)
  5 hounds
  3 jellies (D:4)
  5 orc wizards
  4 worker ants
  A hound zombie (D:5)
  2 hound skeletons (D:4)
  A worker ant zombie (D:5)
  3 gnolls (D:2)
  7 adders
  A shadow imp (D:6)
  11 oozes
  3 worms
  3 dart slugs
  2 leopard geckos
  20 orcs
  8 bats
  4 giant cockroaches
  6 goblins
  7 hobgoblins
  8 jackals
  7 quokkas
  2 ball pythons
  4 frilled lizards
  A jackal skeleton (D:5)
  18 kobolds
  A quokka skeleton (D:4)
  15 rats
160 creatures vanquished.

Vanquished Creatures (others)
  2 fungi (D:4)
  5 toadstools (D:4)
7 creatures vanquished.

Grand Total: 167 creatures vanquished

Notes
Turn   | Place    | Note
-------+----------+-------------------------------------------
     0 | D:1      | nikopol the Hill Orc Fighter began the quest for the Orb.
     0 | D:1      | Reached XP level 1. HP: 19/19 MP: 1/1
    89 | D:1      | Reached XP level 2. HP: 25/27 MP: 2/2
   119 | D:1      | Reached skill level 3 in Axes
   277 | D:1      | Reached XP level 3. HP: 33/33 MP: 3/3
   821 | D:2      | Found a snail-covered altar of Cheibriados.
   821 | D:2      | Found a burning altar of Makhleb.
   821 | D:2      | Found an ancient bone altar of Kikubaaqudgha.
   821 | D:2      | Found a shadowy altar of Dithmenos.
   821 | D:2      | Noticed a dagger
   821 | D:2      | Noticed a dagger
   853 | D:2      | Found a hide-covered altar of Uskayaw.
   959 | D:2      | Found an ornate altar of the Wu Jian Council.
   975 | D:2      | Found a sacrificial altar of Ru.
  1053 | D:2      | Reached XP level 4. HP: 33/40 MP: 4/4
  1056 | D:2      | Reached skill level 4 in Axes
  1085 | D:2      | Found a glowing golden altar of the Shining One.
  1473 | D:3      | Reached XP level 5. HP: 28/46 MP: 5/5
  1497 | D:3      | Noticed Sigmund
  1823 | D:3      | Reached skill level 5 in Axes
  1844 | D:3      | Upgraded the game from 0.21-a0-352-g5b8f553 to 0.21-a0-356-g45b0a09
  1987 | D:3      | Noticed Grinder
  2003 | D:3      | Killed Grinder
  2003 | D:3      | Reached skill level 6 in Axes
  2003 | D:3      | Reached XP level 6. HP: 18/53 MP: 6/6
  2319 | D:3      | Reached skill level 1 in Dodging
  2976 | D:3      | Killed Sigmund
  2976 | D:3      | Reached skill level 7 in Axes
  2976 | D:3      | Reached XP level 7. HP: 50/60 MP: 7/7
  3048 | D:4      | Reached skill level 5 in Armour
  3313 | D:3      | Reached skill level 5 in Fighting
  3313 | D:3      | Reached skill level 8 in Axes
  3558 | D:4      | Reached skill level 5 in Shields
  3597 | D:4      | Reached XP level 8. HP: 47/68 MP: 8/8
  4036 | D:4      | Found a bloodstained altar of Trog.
  4223 | D:5      | Entered Level 5 of the Dungeon
  4269 | D:5      | Found a hazy altar of Hepliaklqana.
  4286 | D:5      | Found an opulent altar of Gozag.
  4286 | D:5      | Found a sparkling altar of Nemelex Xobeh.
  4404 | D:5      | Reached skill level 9 in Axes
  4809 | D:5      | Reached skill level 1 in Stealth
  5253 | D:6      | Found a staircase to the Ecumenical Temple.
  5260 | Temple   | Entered the Ecumenical Temple
  5575 | D:6      | Found an iron altar of Okawaru.
  5579 | D:6      | Became a worshipper of Warmaster Okawaru
  5590 | D:6      | Reached skill level 10 in Axes
  6210 | D:6      | Mangled by an orc warrior

Vault maps used:
D:1:      sevenhm_arrival_forest_fort_large_1, hangedman_decor_clover_reticule
D:2:      chequers_temple_overflow_statue_of_worship, dancing_weapons_uskayaw,
          tso_metal_star, grunt_temple_overflow_open, first_bread
D:3:      uniq_grinder, uniq_sigmund
D:4:      cheibrodos_fertilizer, lemuel_round_altar, serial_bayou_pond_e,
          minmay_goblin_kobold_house
D:5:      grunt_temple_overflow_opulence, basic_altar,
          kennysheep_generic_room_10
D:6:      okawaru_ov_weapons_minmay, minmay_temple_entry_junction
D:7:      enter_ossuary_3
Temple:   nicolae_temple_figure_zero

Skill      XL: |  1  2  3  4  5  6  7  8 |
---------------+-------------------------+-----
Fighting       | 4 5 |  5.9
Axes           | 3 4 6 7 8 10 | 10.3
Shields        | 4 5 |  5.7
Armour         | 4 5 6 |  6.0
Dodging        | 1 |  1.4
Stealth        | 1 |  1.0

Action                   |  1- 3 |  4- 6 |  7- 9 || total
-------------------------+-------+-------+-------++-------
Melee: War axe           |   124 |   180 |   265 ||   569
  Use: Potion            |       |     1 |       ||     1
       Scroll            |       |     5 |     3 ||     8
  Eat: Chunk             |     1 |     5 |     7 ||    13
       Bread ration      |       |     1 |       ||     1
Armor: Scale mail        |    64 |     1 |       ||    65
       Chain mail        |       |   126 |   114 ||   240
Dodge: Dodged            |    49 |    44 |    64 ||   157
Block: Shield            |    77 |   106 |   138 ||   321

Table legend:
 A = Spawn XP
 B = Non-spawn XP
 C = Spawn XP percentage of total XP
 D = Spawn monster count
 E = Non-spawn monster count
 F = Spawn count percentage of total count
 G = Total turns spent on level
                    A         B        C        D         E        F      G
               +---------+---------+-------+---------+---------+-------+---------
         Total |       0 |    2325 |   0.0 |       0 |     160 |   0.0 |  6210
               +---------+---------+-------+---------+---------+-------+---------
           D:1 |       0 |      56 |   0.0 |       0 |      26 |   0.0 |   821
           D:2 |       0 |      90 |   0.0 |       0 |      29 |   0.0 |  1195
           D:3 |       0 |     805 |   0.0 |       0 |      33 |   0.0 |  1207
           D:4 |       0 |     505 |   0.0 |       0 |      44 |   0.0 |  1000
           D:5 |       0 |     238 |   0.0 |       0 |      10 |   0.0 |   737
           D:6 |       0 |     631 |   0.0 |       0 |      18 |   0.0 |  1124
               +---------+---------+-------+---------+---------+-------+---------
